 Dungeon Crawl Stone Soup version 0.19-a0-14-gde87d98 (webtiles) character file.

20 M4edhros the Grave Robber (level 2, 0/17 HPs)
             Began as an Octopode Necromancer on Apr 29, 2016.
             Succumbed to an adder's poison
             ... on level 4 of the Dungeon.
             The game lasted 00:10:10 (200 turns).

M4edhros the Grave Robber (Octopode Necromancer)     Turns: 200, Time: 00:10:11

Health: 0/17       AC:  1    Str:  7    XL:     2   Next: 79%
Magic:  2/5        EV: 12    Int: 17    God:
Gold:   50         SH:  0    Dex: 12    Spells: 1 memorised, 4 levels left

rFire  . . .     SeeInvis .       - Unarmed
rCold  . . .     Gourm    .     (no shield)
rNeg   . . .     Faith    .     (helmet restricted)
rPois  .         Spirit   .     (no amulet)
rElec  .         Dismiss  .     c - ring of wizardry
rCorr  .         Reflect  .     (no ring)
SustAt .         Harm     .     (no ring)
MR     .....                    (no ring)
Stlth  +++.......               (no ring)
                                (no ring)
                                (no ring)
                                (no ring)

@: lethally poisoned (0 -> -6), very slightly contaminated, invisible
(expiring), not resistant to hostile enchantments, fairly stealthy
A: almost no armour, amphibious, 8 rings, constrict 8, camouflage 1, gelatinous
body 1
a: no special abilities


You were on level 4 of the Dungeon.
You were not hungry.

You visited 1 branch of the dungeon, and saw 4 of its levels.

You collected 50 gold pieces.

Inventory:

Jewellery
 c - a ring of wizardry (left tentacle)
Potions
 e - a potion of invisibility
Books
 a - a book of Necromancy

   Spells                             Type                      Level
   a - Pain                           Necromancy                   1
   b - Animate Skeleton               Necromancy                   1
   c - Vampiric Draining              Necromancy                   3
   d - Regeneration                   Charms/Necromancy            3
   e - Animate Dead                   Necromancy                   4
   f - Control Undead                 Necromancy                   4
Comestibles
 b - a bread ration
 d - 2 meat rations


   Skills:
 - Level 2.0 Dodging
 - Level 2.6 Stealth
 + Level 2.3 Unarmed Combat
 - Level 2.0 Spellcasting
 - Level 4.0 Necromancy


You had 4 spell levels left.
You knew the following spells:

 Your Spells              Type           Power        Failure   Level  Hunger
a - Pain                  Necr           ###.         1%          1    #......


Dungeon Overview and Level Annotations

Branches:
Dungeon (4/15)
 Temple: D:4-7

Altars:
Gozag


Innate Abilities, Weirdness & Mutations

You cannot wear most types of armour.
You are amphibious.
You can wear up to eight rings at the same time.
You can use your tentacles to constrict eight enemies at once.
Your skin changes colour to match your surroundings (Stealth).
Your rubbery body absorbs attacks (AC +1).


Message History

The adder is severely wounded.
The adder bites you.
* * * LOW HITPOINT WARNING * * *
You miss the adder. You grab the adder.
The adder is severely wounded.
You constrict the adder. The adder bites you.
* * * LOW HITPOINT WARNING * * *
You tentacle-slap the adder.
You kill the adder!
Your Unarmed Combat skill increases to level 2!
You flicker for a moment.
* * * LOW HITPOINT WARNING * * *
You feel sick.
Drink which item? (? for menu, Esc to quit)
Okay, then.
Read which item? (? for menu, Esc to quit)
Okay, then.
Unknown command.
Unknown command.
You die...

#..# ######
########..###
##.....#.....##
##.............##
#...............#
#...............#
#...†...........#
#...............#
#..@............#
#.................
##$................
##.....#......####
###########..# ###


There were no monsters in sight!

Vanquished Creatures
  An adder (D:4)
  An ooze (D:4)
  A giant gecko (D:4)
  A goblin (D:3)
  A bat (D:1)
  A giant newt (D:4)
  A rat (D:3)
7 creatures vanquished.

Notes
Turn   | Place    | Note
--------------------------------------------------------------
     0 | D:1      | M4edhros the Octopode Necromancer began the quest for the Orb.
     0 | D:1      | Reached XP level 1. HP: 11/11 MP: 3/3
    90 | D:4      | Reached skill level 1 in Unarmed Combat
   125 | D:4      | Found an opulent altar of Gozag.
   173 | D:4      | Reached XP level 2. HP: 11/17 MP: 0/5
   200 | D:4      | Succumbed to an adder's poison

Vault maps used:
D:1:      lemuel_arrival_muddy
D:2:      lemuel_zombie_altar_yredelemnul, kennysheep_cross_room, uniq_terence
D:3:      lemuel_crystal_altar, small_statue_intersection,
          minmay_misc_feat_room, kennysheep_slug_shrine
D:4:      lemuel_coloured_pillars_altar, first_bread

Skill      XL: |  1  2 |
---------------+-------+-----
Unarmed Combat | 1 2 |  2.3
Dodging        | |  2.0
Stealth        | |  2.6
Spellcasting   | |  2.0
Necromancy     | |  4.0

Action                   || total
-------------------------++-------
Melee: Unarmed           ||    14
       Constrict         ||     3
       Tentacles         ||     2
 Cast: Pain              ||     8
  Use: Potion            ||     1
 Stab: Sleeping          ||     2
       Invisible         ||     2
Dodge: Dodged            ||     7
